 Dungeon Sprint DCSS version 0.24-a0-809-g71cb82dfb8 (webtiles) character file.

Game seed: 7465638588246170747, levelgen mode: deterministic

86 MisterOstroum the Skirmisher (level 4, -5/45 HPs)
             Began as a Minotaur Fighter on Oct 11, 2019.
             Was an Elder of Trog.
             Killed by drain life
             ... invoked by a soul eater
             ... summoned by a deep elf mage
              (14 damage)
             ... in the Dungeon (Sprint VII: "The Pits").
             The game lasted 00:01:15 (310 turns).

MisterOstroum the Skirmisher (Minotaur Fighter)      Turns: 310, Time: 00:01:16

Health: -5/45      AC: 13    Str: 21    XL:     4   Next: 26%
Magic:  3/3        EV:  6    Int:  5    God:    Trog [****..]
Gold:   0          SH: 10    Dex: 10    Spells: 3/3 levels left

rFire    . . .     SeeInvis .   a - +0 war axe
rCold    . . .     Gourm    .   c - +0 shield
rNeg     . . .     Faith    .   m - +3 chain mail
rPois    .         Spirit   .   (helmet restricted)
rElec    .         Reflect  .   (no cloak)
rCorr    .         Harm     .   (no gloves)
MR       .....     NoTele   +   (no boots)
Stlth    ..........             (no amulet)
HPRegen  0.15/turn              (no ring)
MPRegen  0.08/turn              (no ring)

@: berserk cooldown, slowed, very slow
A: retaliatory headbutt, horns 2
a: Berserk, Trog's Hand, Brothers in Arms, Renounce Religion


You were in the Dungeon.
You worshipped Trog.
Trog was greatly pleased with you.
You were not hungry.

You visited 1 branch

Inventory:

Hand Weapons
 a - a +0 war axe (weapon)
 n - a +0 dagger of electrocution
Armour
 b - a +0 scale mail
 c - a +0 shield (worn)
 m - a +3 chain mail (worn)
Scrolls
 k - a scroll of blinking {@r4}
Potions
 d - a potion of might {@q3 !q}
 f - 6 potions of curing {@q1 !q}
 g - 6 potions of heal wounds {@q2 !q}
 h - a potion of haste {@q4 !q}
 i - 2 potions of magic
 j - a potion of berserk rage
Comestibles
 e - a ration
 l - 10 chunks of flesh


   Skills:
 * Level 6.9 Fighting
 * Level 6.3 Axes
 + Level 5.5 Armour
 + Level 5.4 Shields


You had 3 spell levels left.
You didn't know any spells.
Your spell library was empty.

Dungeon Overview and Level Annotations

Branches:
Dungeon (1/1)

Altars:
Ashenzari
Cheibriados
Dithmenos
Elyvilon
Fedhas
Gozag
Hepliaklqana
Kikubaaqudgha
Makhleb
Nemelex Xobeh
Okawaru
Qazlal
Ru
Sif Muna
Trog
Uskayaw
Vehumet
Wu Jian
Xom
Yredelemnul
Zin
The Shining One
Beogh
Jiyva
Lugonu

Annotations:
D exclusion: 2 doors


Innate Abilities, Weirdness & Mutations

You reflexively headbutt those who attack you in melee.
You have a pair of horns on your head.


Message History

a jackal skeleton x2
There is an open door here.
You see here a frilled lizard skeleton.
You open the door.
There is an open door here.
You open the door.
A bat, 3 orcs and an orc priest come into view.
The orc priest shouts!
The orc shouts!
The orc priest calls down the wrath of Beogh upon you.
Beogh smites you!
An orc wizard comes into view. It is wielding a +0 dagger.
The orc wizard shouts!
You hear a shout!
There is an open door here.
You close the door.
Unknown command.
Unknown command.
You start resting.
A deep elf mage comes into view. It is wielding a +0 rapier.
A red film seems to cover your vision as you go berserk!
You feel yourself moving faster!
You feel mighty!
You feel a lot more hungry. The bat barely misses you. You furiously retaliate!
You headbutt the bat!!
You kill the bat!
Trog accepts your kill.
You have reached level 3!
Your experience leads to an increase in your attributes!
Your base attributes are Str 20, Int 5, Dex 9.
Increase (S)trength, (I)ntelligence, or (D)exterity?
You feel stronger.
You completely miss the orc. The orc closely misses you.
You furiously retaliate!
You headbutt the orc!
You kill the orc!
Trog accepts your kill.
A fire bat comes into view.
The orc priest hits you with a +0 falchion.
The deep elf mage points at you and mumbles some strange words.
The bolt of negative energy hits you!
You feel drained.
There is an open door here.
Things that are here:
a cursed +0 morningstar; an orc corpse; a bat corpse You slash the orc priest!
The orc priest is severely wounded.
A phantom comes into view.
The orc priest calls down the wrath of Beogh upon you.
Pain shoots through your body!
You are too injured to fight recklessly!
You are too injured to fight recklessly!
You are too injured to fight recklessly!
You slash the orc priest!
You kill the orc priest!
Trog accepts your kill.
You can now call in reinforcements.
Your life force feels restored.
Your Fighting skill increases to level 6!
Your Axes skill increases to level 5!
Your Armour skill increases to level 5!
Your Shields skill increases to level 5!
You closely miss the deep elf mage. You closely miss the orc wizard.
You block the orc wizard's attack.
The deep elf mage hits you but does no damage.
You hit the deep elf mage. Your headbutt misses the deep elf mage.
The deep elf mage is lightly wounded.
You slash the orc wizard!
The orc wizard hits you but does no damage.
The deep elf mage gestures wildly while chanting.
You miss the orc wizard.
The orc wizard is heavily wounded.
Your chain mail prevents you from hitting the deep elf mage.
The orc wizard hits you but does no damage.
The deep elf mage hits you but does no damage.
You closely miss the deep elf mage. Your headbutt misses the deep elf mage.
The deep elf mage is lightly wounded.
You slash the orc wizard!
You kill the orc wizard!
Trog accepts your kill.
Trog appreciates your killing of a magic user.
Your Axes skill increases to level 6!
You have reached level 4!
You feel agile.
The soul eater draws from the surrounding life force!
Unknown command.
You slash the deep elf mage!
The deep elf mage is moderately wounded.
You hit the orc.
The deep elf mage hits you but does no damage.
The soul eater draws from the surrounding life force!
* * * LOW HITPOINT WARNING * * *
You barely miss the deep elf mage.
The deep elf mage is moderately wounded.
You hit the orc.
You kill the orc!
Trog accepts your kill.
The fire bat bites you but does no damage.
The deep elf mage hits you but does no damage.
You closely miss the deep elf mage.
The deep elf mage is moderately wounded.
Your shield prevents you from hitting the fire bat.
You are no longer berserk.
You are exhausted.
You feel yourself slow down.
The fire bat bites you but does no damage.
The soul eater draws from the surrounding life force!
You die...

#.#.[#....÷##.....
#.#))#####÷#####'#
#.#))#.....##.....
#.#.)#...÷.##.....
#.#..###)####.....
#.##'#.....##...<.
#.#........##.....
#.#........##.....
#@###########.....
#e)bo...# ######
#3###W..# #.# .#
#.# #.. #.. #..


You could see a soul eater, a deep elf mage, a phantom, a fire bat and an orc.

Vanquished Creatures
  An orc priest (D)
  An orc wizard (D)
  2 ufetubi (D)
  An ooze (D)
  2 orcs (D)
  A hobgoblin (D)
  4 jackals (D)
  A kobold (D)
  A quokka (D)
  2 bats (D)
  A frilled lizard (D)
17 creatures vanquished.

Notes
Turn   | Place    | Note
-------+----------+-------------------------------------------
     0 | D        | MisterOstroum the Minotaur Fighter began the quest for the
                  | Orb.
     0 | D        | Reached XP level 1. HP: 19/19 MP: 0/0
    77 | D        | Found a glowing golden altar of the Shining One.
    77 | D        | Found a glowing silver altar of Zin.
    77 | D        | Found a basalt altar of Yredelemnul.
    77 | D        | Found a shimmering altar of Xom.
    77 | D        | Found an ornate altar of the Wu Jian Council.
    77 | D        | Found a bloodstained altar of Trog.
    77 | D        | Found a shimmering blue altar of Sif Muna.
    77 | D        | Found a sacrificial altar of Ru.
    77 | D        | Found a stormy altar of Qazlal.
    77 | D        | Found an iron altar of Okawaru.
    77 | D        | Found a sparkling altar of Nemelex Xobeh.
    77 | D        | Found a burning altar of Makhleb.
    77 | D        | Found a viscous altar of Jiyva.
    77 | D        | Found a hazy altar of Hepliaklqana.
    77 | D        | Found an opulent altar of Gozag.
    77 | D        | Found a blossoming altar of Fedhas.
    77 | D        | Found a white marble altar of Elyvilon.
    77 | D        | Found a shadowy altar of Dithmenos.
    77 | D        | Found a snail-covered altar of Cheibriados.
    78 | D        | Found a radiant altar of Vehumet.
    78 | D        | Found a corrupted altar of Lugonu.
    78 | D        | Found a roughly hewn altar of Beogh.
    79 | D        | Found a hide-covered altar of Uskayaw.
    79 | D        | Found an ancient bone altar of Kikubaaqudgha.
    79 | D        | Found a shattered altar of Ashenzari.
    83 | D        | Became a worshipper of Trog the Wrathful
    93 | D        | Reached XP level 2. HP: 26/28 MP: 1/1
   118 | D        | Reached * piety under Trog
   126 | D        | Reached ** piety under Trog
   126 | D        | Reached skill level 5 in Fighting
   221 | D        | Reached *** piety under Trog
   298 | D        | Noticed a deep elf mage
   299 | D        | Reached XP level 3. HP: 36/36 MP: 2/2
   301 | D        | Noticed a fire bat
   302 | D        | Noticed a phantom
   303 | D        | Reached **** piety under Trog
   303 | D        | Reached skill level 5 in Axes
   303 | D        | Reached skill level 5 in Armour
   303 | D        | Reached skill level 5 in Shields
   306 | D        | Noticed a soul eater
   307 | D        | Reached XP level 4. HP: 30/45 MP: 3/3
   310 | D        | Killed from afar by a soul eater

Levels and vault maps discovered:
D:        pitsprint [storerooms_1, entrance_room_1, metal_vault_4, armoury_1,
          mini_pit_1, grid_room_1, main_hall_1, silver_pit, the_coven_1,
          the_vestibule_1, steel_vault_5, golden_pit, hallway_of_sentries,
          crystal_vault_1, iron_vault_1, final_vault]

Skill      XL: |  1  2  3 |
---------------+----------+-----
Fighting       | 4 5 6 |  6.9
Axes           | 3 4 6 |  6.3
Shields        | 4 5 |  5.4
Armour         | 4 5 |  5.5

Action                   |  1- 3 |  4- 6 || total
-------------------------+-------+-------++-------
Melee: War axe           |    39 |     3 ||    42
       Headbutt          |     5 |       ||     5
Invok: Berserk           |     1 |       ||     1
Armor: Scale mail        |    24 |       ||    24
       Chain mail        |     4 |     4 ||     8
Dodge: Dodged            |    16 |       ||    16
Block: Shield            |    20 |       ||    20

Table legend:
 A = Non-vault XP
 B = Vault XP
 C = Vault XP percentage of total XP
 D = Non-vault monster count
 E = Vault monster count
 F = Vault count percentage of total count
                 A         B        C        D         E       F
            +---------+---------+-------+---------+---------+-------
      Total |       0 |     123 | 100.0 |       0 |      17 | 100.0
            +---------+---------+-------+---------+---------+-------
          D |       0 |     123 | 100.0 |       0 |      17 | 100.0
            +---------+---------+-------+---------+---------+-------
